 Dungeon Crawl Stone Soup version 0.16.2-12-gd0ad4c3 (webtiles) character file.

333 faibistes the Magician (level 6, 28/28 HPs)
             Began as a Deep Elf Wizard on Oct 28, 2018.
             Quit the game on level 3 of the Dungeon.
             The game lasted 00:07:19 (3218 turns).

faibistes the Magician (Deep Elf Wizard)            Turns: 3218, Time: 00:07:19

Health: 28/28      AC:  5    Str:  2    XL:     6   Next: 27%
Magic:  19/19      EV: 14    Int: 23    God:
Gold:   132        SH:  0    Dex: 15    Spells: 6 memorised, 5 levels left

rFire  . . .     SeeInvis .     h - +0 dagger
rCold  + . .     Clarity  +     a - +0 robe
rNeg   . . .     SustAb   .     (no shield)
rPois  .         Gourm    .     b - +0 hat
rElec  .         Spirit   .     (no cloak)
rCorr  .         Warding  .     w - +2 pair of gloves
rMut   .         Stasis   .     (no boots)
MR     .....                    (no amulet)
Stlth  +++.......               (no ring)
                                r - ring of stealth

@: repel missiles, not resistant to hostile enchantments, fairly stealthy
A: claws 1, agile 1, clarity, cold resistance 1, dopey 1, frail 1, low mp 1,
weak 1, placid magic 1, MP-powered wands 1
a: no special abilities


You were on level 3 of the Dungeon.
You were not hungry.

You visited 1 branch of the dungeon, and saw 4 of its levels.

You collected 132 gold pieces.

Inventory:

Hand weapons
 e - a +0 club
 h - a +0 dagger (weapon)
Armour
 a - a +0 robe (worn)
 b - a +0 hat (worn)
 w - a +2 pair of gloves (worn)
Jewellery
 o - an uncursed ring of teleport control {unknown}
 r - a ring of stealth (left hand)
Scrolls
 i - a scroll of identify {unknown}
 k - 2 scrolls of magic mapping {unknown}
 q - a scroll of immolation {unknown}
 v - a scroll of random uselessness {unknown}
 x - a scroll of recharging {unknown}
Potions
 j - a potion of might {unknown}
 m - 2 potions of restore abilities {unknown}
 n - a potion of cure mutation {unknown}
 u - a potion of magic {unknown}
Books
 c - a book of Minor Magic

   Spells                             Type                      Level
   a - Magic Dart                     Conjuration                  1
   b - Blink                          Translocation                2
   c - Call Imp                       Summoning                    2
   d - Repel Missiles                 Charms/Air                   2
   e - Slow                           Hexes                        2
   f - Conjure Flame                  Conjuration/Fire             3
   g - Mephitic Cloud                 Conjuration/Poison/Air       3
Comestibles
 d - 2 bread rations
 f - 6 fruits
 p - 2 beef jerkies
 s - a royal jelly
 t - 4 chunks of flesh


   Skills:
 + Level 4.1 Dodging
 - Level 2.4 Stealth
 * Level 6.8 Spellcasting
 - Level 4.5 Conjurations
 - Level 1.1 Summonings
 * Level 1.2 Translocations


You had 5 spell levels left.
You knew the following spells:

 Your Spells              Type           Power        Failure   Level  Hunger
a - Magic Dart            Conj           ###.         1%          1    None
b - Conjure Flame         Conj/Fire      ##......     5%          3    None
c - Call Imp              Summ           #.......     4%          2    None
d - Blink                 Tloc           N/A          4%          2    None
e - Mephitic Cloud        Conj/Pois/Air  #.......     7%          3    None
f - Repel Missiles        Chrm/Air       #.....       7%          2    None


Dungeon Overview and Level Annotations

Branches:
Dungeon (4/15)
 Temple: D:4-7

Altars:


Innate Abilities, Weirdness & Mutations

You have sharp fingernails.
You are agile. (Dex +2)
You possess an exceptional clarity of mind.
Your flesh is cold resistant.
You are dopey. (Int -2)
You are frail (-10% HP).
Your magical capacity is low (-10% MP).
You are weak. (Str -2)
Your spells are a little easier to cast, but a little less powerful.
You expend magic power (3 MP) to slightly strengthen your wands.


Message History

Okay, then.
Unknown command.
Quiver which item? (- for none, * to show all) (? for menu, Esc to quit)
You don't have any such object.
Quiver which item? (- for none, * to show all) (? for menu, Esc to quit)
You don't have any such object.
Quiver which item? (- for none, * to show all) (? for menu, Esc to quit)
Okay, then.
Quiver which item? (- for none, * to show all) (? for menu, Esc to quit)
Okay, then.
Unknown command.
Unknown command.
Quiver which item? (- for none, * to show all) (? for menu, Esc to quit)
Okay, then.
Unknown command.
Unknown command.
Are you sure you want to abandon this character and quit the game? (Confirm with "yes".)
Okay, then.
Unknown command.
Are you sure you want to abandon this character and quit the game? (Confirm with "yes".)

## # #.# #.# .#######
#.# .......# #.#
....#.#####.#
###...#...#.##
#............######
#.#.........##.......
#.>.@####P..#########
###..# #P..# #..'
#...# #..## #...#
#.......... #...
....### #.#. ....# #.
.r ... . .


You could see a rat (sleeping).

Vanquished Creatures
  Grinder (D:3)
  Jessica (D:2)
  3 adders
  4 worms
  3 giant geckos
  2 oozes
  3 ball pythons
  8 bats
  7 goblins
  9 hobgoblins
  A quokka (D:3)
  2 giant newts
  3 jackals
  9 kobolds
  8 rats
64 creatures vanquished.

Notes
Turn   | Place    | Note
--------------------------------------------------------------
     0 | D:1      | faibistes, the Deep Elf Wizard, began the quest for the Orb.
     0 | D:1      | Reached XP level 1. HP: 10/10 MP: 6/6
   435 | D:2      | Reached XP level 2. HP: 15/15 MP: 2/10
   502 | D:2      | Learned a level 2 spell: Blink
   505 | D:2      | Learned a level 2 spell: Call Imp
   882 | D:1      | Reached XP level 3. HP: 19/19 MP: 10/13
   954 | D:1      | Learned a level 3 spell: Conjure Flame
   958 | D:1      | Learned a level 3 spell: Mephitic Cloud
  1001 | D:1      | Reached skill level 5 in Spellcasting
  1684 | D:1      | Reached XP level 4. HP: 24/24 MP: 13/17
  1691 | D:1      | Learned a level 2 spell: Repel Missiles
  2646 | D:2      | Noticed Jessica
  2651 | D:2      | Killed Jessica
  2928 | D:3      | Noticed Grinder
  2945 | D:3      | Paralysed by Grinder for 5 turns
  2955 | D:3      | Gained mutation: Your spells are a little easier to cast, but a little less powerful. [potion of mutation]
  2955 | D:3      | Gained mutation: Your body is slowly deteriorating. [potion of mutation]
  2955 | D:3      | Gained mutation: You are dopey. (Int -2) [potion of mutation]
  2962 | D:3      | Killed Grinder
  2962 | D:3      | Reached skill level 6 in Spellcasting
  2962 | D:3      | Reached XP level 5. HP: 28/28 MP: 1/21
  2962 | D:3      | Reached XP level 6. HP: 32/32 MP: 1/22
  3178 | D:3      | Gained mutation: You expend magic power (3 MP) to slightly strengthen your wands. [potion of mutation]
  3178 | D:3      | Gained mutation: You are agile. (Dex +2) [potion of mutation]
  3178 | D:3      | Gained mutation: Your muscles are strong. (Str +2) [potion of mutation]
  3179 | D:3      | Lost mutation: Your muscles are strong. (Str +2) [potion of mutation]
  3179 | D:3      | Gained mutation: You have sharp fingernails. [potion of mutation]
  3179 | D:3      | Gained mutation: Your flesh is cold resistant. [potion of mutation]
  3180 | D:3      | Lost mutation: Your body is slowly deteriorating. [potion of mutation]
  3180 | D:3      | Gained mutation: You are frail (-10% HP). [potion of mutation]
  3181 | D:3      | Gained mutation: You are weak. (Str -2) [potion of mutation]
  3181 | D:3      | Gained mutation: You possess an exceptional clarity of mind. [potion of mutation]
  3182 | D:3      | Gained mutation: Your magical capacity is low (-10% MP). [potion of mutation]
  3218 | D:3      | Quit the game

Action                   |  1- 3 |  4- 6 || total
-------------------------+-------+-------++-------
Melee: Club              |     1 |       ||     1
       Dagger            |       |    13 ||    13
 Cast: Magic Dart        |    92 |    64 ||   156
       Conjure Flame     |       |     4 ||     4
       Blink             |       |     3 ||     3
       Mephitic Cloud    |       |     2 ||     2
       Repel Missiles    |       |     1 ||     1
  Use: Potion            |       |     8 ||     8
  Eat: Chunk             |     2 |     5 ||     7
